AoeStats
← crispynuggz73

Arena

509520366Analyzed
2v2 RM · 5d ago on Sep 27, 2026· 50m 6s· 4 players
Game mode
Random Map
Map size
Medium (4 player)
Population
200
Speed
Normal
Resources
Standard
Victory
Conquest
Starting age
Dark Age
Ending age
Imperial Age
RankedLock teamsTeams togetherTeam positionsShared explorationLock speedFull tech treeHidden civsTurbo modeCheats
Victory
Defeat
🇨🇳 Franks · China
717
+20
🇲🇽 Khitans · Mexico
692
+21
🇺🇸 Britons · United States
851
-23
🇺🇸 Franks · United States
752
-18
tails034
2:20 Loom
11:16 Feudal Age
12:03 Double-Bit Axe
18:44 Castle Age
16:52 Domestication
17:48 Stone Mining
21:19 Wheelbarrow
22:39 Town Watch
23:25 Gold Mining
24:56 Fletching
26:21 Pastoralism
26:38 Crossbowman
28:44 Forging
30:52 Scale Mail Armor
31:07 Bow Saw
32:13 Bodkin Arrow
33:28 Iron Casting
33:07 Squires
33:16 Pikeman
35:50 Chain Mail Armor
36:07 Husbandry
36:14 Gambesons
36:15 Arson
36:43 Scale Barding Armor
36:42 Padded Archer Armor
37:42 Lamellar Armor
43:09 Imperial Age
44:00 Chain Barding Armor
43:56 Leather Archer Armor
43:53 Elite Steppe Lancer
domsen
0:41 Loom
11:31 Feudal Age
15:19 Double-Bit Axe
22:41 Castle Age
22:26 Gold Mining
22:26 Stone Mining
25:15 Bow Saw
36:53 Imperial Age
35:10 Wheelbarrow
35:22 Caravan
35:12 Ordonnance Companies
36:05 Forging
36:01 Scale Barding Armor
36:39 Hand Cart
36:50 Hand Cart
36:37 Treadmill Crane
37:18 Ballistics
36:55 Murder Holes
37:10 Husbandry
37:09 Cavalier
38:11 Conscription
39:19 Gold Shaft Mining
38:28 Paladin
41:13 Chivalry
42:12 Elite Throwing Axeman
44:09 Iron Casting
43:34 Scale Mail Armor
43:55 Chain Barding Armor
47:48 Siege Engineers
47:30 Arrowslits
48:49 Blast Furnace
48:04 Chain Mail Armor
48:27 Plate Barding Armor
47:45 Fletching
cody11210m
9:57 Loom
11:44 Feudal Age
13:03 Wheelbarrow
13:00 Double-Bit Axe
14:49 Stone Mining
15:31 Loom
19:24 Gold Mining
23:54 Castle Age
24:51 Husbandry
24:13 Light Cavalry
25:59 Gold Shaft Mining
26:13 Bow Saw
34:51 Hand Cart
35:09 Loom
36:42 Caravan
47:03 Imperial Age
crispynuggz73
9:23 Feudal Age
10:26 Man-at-Arms
16:54 Double-Bit Axe
22:35 Castle Age
23:18 Long Swordsman
24:19 Fletching
24:29 Padded Archer Armor
23:54 Crossbowman
28:44 Pikeman
34:38 Imperial Age
33:18 Stone Mining
33:46 Leather Archer Armor
33:27 Bodkin Arrow
35:06 Forging
34:56 Scale Mail Armor
35:06 Arbalester
36:19 Ring Archer Armor
35:23 Two-Handed Swordsman
36:40 Bow Saw
40:11 Ballistics
40:01 Elite Skirmisher
41:51 Halberdier
45:18 Yeomen
46:34 Iron Casting
46:15 Chain Mail Armor
Connection lost

Rejoining the realm…

Still unreachable

The connection could not be restored.

Session expired

The server has moved on; the page needs a fresh start.